 Dungeon Crawl Stone Soup version 0.26.1-10-gdfb7c7de75 (webtiles) character file.

Game seed: 16288382039771732538

488465 slughead422 the Impregnable (level 23, -1/206 HPs)
             Began as a Minotaur Fighter on Apr 1, 2021.
             Was the Champion of Zin.
             Killed from afar by an acid blob (3 damage)
             ... with a splash of acid
             ... on level 4 of the Pits of Slime on Apr 2, 2021.
             The game lasted 06:59:38 (67247 turns).

slughead422 the Impregnable (Minotaur Fighter)     Turns: 67247, Time: 06:59:38

Health: -1/206     AC: 32    Str: 36    XL:     23   Next: 83%
Magic:  34/34      EV: 16    Int:  9    God:    Zin [******]
Gold:   2182       SH:  0    Dex: 13    Spells: 22/22 levels left

rFire    . . .     SeeInvis +   a - +7 war axe of Obestra {speed, Str+2}
rCold    . . .     Faith    .   s - +6 tower shield {rN+}
rNeg     + . .     Spirit   .   D - +9 plate armour "Fuurerix" {Str+3}
rPois    .         Reflect  +   k - +0 hat
rElec    +         Harm     .   i - +1 cloak
rCorr    +         Rampage  .   F - +2 pair of gloves {Str+3}
Will     ++...                  K - +2 pair of boots {Fly}
Stlth    ..........             n - amulet of reflection
HPRegen  0.44/turn              H - ring of resist corrosion
MPRegen  0.24/turn              P - ring "Etuafyor" {*Contam rElec Will+ Str+4 SInv}

@: confused, corroded, flying
A: retaliatory headbutt, horns 2
}: 2/15 runes: serpentine, barnacled
a: Stop Flying, Renounce Religion, Recite, Vitalisation, Imprison, Sanctuary,
Donate Gold


You were on level 4 of the Pits of Slime.
You worshipped Zin.
Zin was exalted by your worship.
You visited 11 branches of the dungeon, and saw 47 of its levels.
You visited the Abyss 1 time.
You visited 1 bazaar.
You visited 1 ziggurat, and saw 4 of its levels.
You also visited: Sewer, Bailey and Ice Cave.

You collected 6375 gold pieces.
You spent 3830 gold pieces at shops.
You donated 363 gold pieces to Zin.

Inventory:

Hand Weapons
 a - the +7 war axe of Obestra (weapon) {speed, Str+2}
   (You bought it in a shop on level 5 of the Dungeon)

   Attacks with this weapon are significantly faster.
   It affects your strength (+2).
 b - a +6 hand crossbow of flaming
 r - a +0 flail
 w - a +5 broad axe of flaming
Missiles
 v - 1553 bolts
Armour
 i - a +1 cloak (worn)
 k - a +0 hat (worn)
 s - a +6 tower shield of positive energy (worn)
 t - a +4 plate armour of poison resistance
 D - the +9 plate armour "Fuurerix" (worn) {Str+3}
   (You bought it in a shop on level 3 of the Shoals)

   It affects your strength (+3).
 F - a +2 pair of gloves of strength (worn)
 K - a +2 pair of boots of flying (worn)
Jewellery
 c - the ring "Xooss" {rElec rF++ Will+}
   (You acquired it on level 2 of the Lair of Beasts)

   [ring of willpower]

   It greatly protects you from fire.
   It insulates you from electricity.
   It affects your willpower, your defense against some magical effects.
 h - an uncursed ring of poison resistance
 n - an amulet of reflection (around neck)
 E - the ring "Zukkebbeun" {rElec rPois rN++ Int-5 Slay+4}
   (You acquired it in a bailey)

   [ring of slaying]

   It affects your intelligence (-5).
   It affects your accuracy and damage with ranged weapons and melee attacks
   (+4).
   It insulates you from electricity.
   It protects you from poison.
   It greatly protects you from negative energy.
 H - a ring of resist corrosion (left hand)
 O - the ring "Yqedd" {Ice rElec rPois Str+2}
   (You bought it in a shop on level 3 of the Shoals)

   [ring of ice]

   It enhances your ice magic.
   It affects your strength (+2).
   It makes you vulnerable to fire.
   It protects you from cold.
   It insulates you from electricity.
   It protects you from poison.
 P - the ring "Etuafyor" (right hand) {*Contam rElec Will+ Str+4 SInv}
   (You found it on level 3 of a ziggurat)

   [ring of willpower]

   It affects your strength (+4).
   It insulates you from electricity.
   It affects your willpower, your defense against some magical effects.
   It lets you see invisible.
   It causes magical contamination when unequipped.
Wands
 o - a wand of iceblast (22)
 q - a wand of digging (13)
 A - a wand of flame (120)
 B - a wand of disintegration (16)
 C - a wand of acid (8)
 J - a wand of paralysis (12)
Scrolls
 f - 19 scrolls of teleportation
 j - 5 scrolls of silence
 m - 8 scrolls of identify
 p - 7 scrolls of immolation
 u - 5 scrolls of magic mapping
 y - 3 scrolls of summoning
 S - a scroll of holy word
 T - 5 scrolls of blinking
 U - 14 scrolls of remove curse
Potions
 d - 7 potions of mutation
 e - 5 potions of might
 l - 9 potions of flight
 x - 2 potions of resistance
 z - 11 potions of curing
 G - 8 potions of heal wounds
 I - 2 potions of cancellation
 L - 5 potions of haste
 M - 2 potions of berserk rage
 Q - 2 potions of invisibility
Miscellaneous
 g - a phantom mirror
 N - a lightning rod (4/4)
 R - a phial of floods


   Skills:
 + Level 17.4 Fighting
 * Level 21.7 Axes
 + Level 14.2 Crossbows
 + Level 22.1 Armour
 + Level 16.0 Dodging
 + Level 17.4 Shields
 * Level 17.7 Invocations
 + Level 10.6 Evocations


You had 22 spell levels left.
You didn't know any spells.
Your spell library was empty.

Dungeon Overview and Level Annotations

Branches:
Dungeon (15/15)            Temple (1/1) D:7            Lair (6/6) D:11
 Shoals (4/4) Lair:2        Snake (4/4) Lair:3        Slime (5/5) Lair:6
    Orc (2/2) D:12            Elf (0/3) Orc:2        Vaults (5/5) D:13
  Crypt (0/3) Vaults:3     Depths (2/5) D:15           Hell (visited)
    Dis (2/7) Hell            Geh (0/7) Hell            Coc (0/7) Hell
    Tar (0/7) Hell          Sewer (visited)          Bailey (visited)
  IceCv (visited)

Altars:
Ashenzari
Cheibriados
Dithmenos
Elyvilon
Fedhas
Gozag
Hepliaklqana
Kikubaaqudgha
Makhleb
Nemelex Xobeh
Okawaru
Qazlal
Ru
Sif Muna
Trog
Uskayaw
Vehumet
Wu Jian
Xom
Yredelemnul
Zin
The Shining One
Beogh
Jiyva

Shops:
D:5 (   D:9 [   D:13 [   Orc:1 }   Orc:2 !*}*   Shoals:3 =[[   Snake:2 =}:
Snake:3 ?[:   Vaults:3 *   Vaults:4 *

Portals:
Hell: Depths:1 Depths:2
Pandemonium: Depths:1


Innate Abilities, Weirdness & Mutations

You reflexively headbutt those who attack you in melee.
You have a pair of horns on your head.


Message History

Zin protects you from harm!
Okay, then.
You're too confused to move!
You are splashed with acid.
You resist.
* * * LOW HITPOINT WARNING * * *
The acid blob misses you. The acid blob spits acid at you.
The splash of acid hits you. You resist.
* * * LOW HITPOINT WARNING * * *
You are splashed with acid.
You resist.
* * * LOW HITPOINT WARNING * * *
The floating eye's view fixates on you. The acid blob hits you!
* * * LOW HITPOINT WARNING * * *
You are splashed with acid.
You resist. Zin protects you from harm! The golden eye blinks at you.
You resist with almost no effort. The acid blob spits acid at you.
The splash of acid hits you. You resist.
You die...

.....#..
.........###.... ... ...
........................
.#.................#....
#.....#.................
....###.#..............
...## ..#............#
...# ........#J......
...# .......J@#......
#.....GJJ......
#......G......#
#.....G.........
..............#.
................
#.............#.
.#.......#..###
.............


You could see 3 acid blobs, an enormous slime creature, a shining eye, a
floating eye (charged) and a golden eye.

Vanquished Creatures
  Vashnia (Snake:3)
  Geryon (Hell)
  A golden dragon (Depths:2)
  The ghost of Dared the Warrior, an adept FoFi (Shoals:1)
  A Tzitzimitl (Dis:1)
  2 tentacled monstrosities
  Jorgrun (Snake:3)
  Asterion (Vaults:2)
  A titan (Depths:2)
  The ghost of Heh the Fencer, an adept DsGl of Okawaru (Shoals:1)
  9 acid blobs
  An ancient champion (Dis:2)
  A sphinx (Depths:1)
  The ghost of Tang the Devastator, an adept TeAE of Sif Muna (Shoals:1)
  A kraken (Shoals:4)
  The ghost of deafmute the Severer, an adept HOFi of Okawaru (Shoals:4)
  2 shadow dragons
  The ghost of Sagen the Devastator, an adept DrCj of Vehumet (Snake:3)
  Polyphemus (Shoals:3)
  A tengu reaver (Depths:2)
  7 frost giants
  4 fire giants
  10 nagarajas
  9 azure jellies
  Aizul (Snake:3)
  10 vault wardens
  2 orc warlords
  An iron dragon (Depths:2)
  A cacodemon (Depths:1)
  A balrug (Hell)
  A juggernaut zombie (Depths:1)
  A draconian annihilator (Zig:3)
  19 very ugly things
  2 war gargoyles (Hell)
  A ghoul (Vaults:4)
  12 stone giants
  13 reapers
  7 ironheart preservers
  A juggernaut skeleton (Depths:2)
  2 vampire knights
  The ghost of axecop the Cleaver, a journeyman DsAK of Lugonu (Lair:4)
  Nessos (Orc:2)
  A yellow draconian (Depths:1)
  2 entropy weavers
  A spark wasp (Depths:2)
  A blizzard demon (Hell)
  2 merfolk javelineers
  6 ettins
  9 merfolk impalers
  Josephine (Lair:6)
  8 fire dragons
  A quicksilver dragon zombie (Hell)
  A crystal guardian (Vaults:4)
  A death ooze (Slime:4)
  3 ice dragons (Depths:1)
  7 yaktaur captains
  12 great orbs of eyes
  The ghost of Ravenswing17 the Slinger, a journeyman DDHu of Gozag (D:11)
  Erolcha (D:11)
  13 ogre magi
  13 boulder beetles
  16 naga warriors
  9 hydras
  2 vault guards (Vaults:3)
  A hell beast (Depths:1)
  2 spriggan air magi
  4 rakshasas
  17 anacondas
  2 merfolk avatars
  3 catoblepae
  4 death knights
  40 two-headed ogres
  8 centaur warriors
  3 merfolk aquamancers (Shoals:4)
  3 satyrs
  17 death yaks
  4 deep troll earth magi
  2 deep troll shamans (Depths:1)
  3 tengu warriors
  4 shock serpents
  15 naga sharpshooters
  6 spriggan berserkers
  2 titan zombies
  3 soul eaters
  4 orc high priests
  A fire crab (shapeshifter) (Vaults:4)
  5 sun demons
  3 deep elf knights
  2 iron golems (Depths:1)
  A storm dragon zombie (Vaults:3)
  18 hell knights
  A storm dragon skeleton (Depths:2)
  5 salamander mystics
  4 shadow wraiths
  A ghost moth zombie (Dis:1)
  A golden dragon zombie (Dis:2)
  18 skeletal warriors
  An iron troll (Depths:1)
  32 sea snakes
  3 flayed ghosts
  2 deep trolls
  3 glowing orange brains
  10 naga ritualists
  A torturous demonspawn (Depths:1)
  2 unseen horrors
  A phantasmal warrior (Dis:1)
  3 wizards (D:13)
  An obsidian statue (Vaults:2)
  4 orange crystal statues (Zig:3)
  Pikel (D:7)
  An anaconda skeleton (Dis:1)
  5 deep elf archers
  16 orc knights
  14 harpies
  2 wolf spider zombies (Hell)
  A shadow dragon zombie (Vaults:4)
  6 ironbrand convokers
  4 shining eyes
  An iron dragon zombie (Hell)
  7 orc sorcerers
  4 wolf spiders
  7 deep elf magi
  An oklob plant (Snake:2)
  16 necromancers
  3 stone giant zombies
  8 mana vipers
  55 ugly things
  A salamander (shapeshifter) (Depths:2)
  A human zombie (Vaults:4)
  22 fauns
  12 cyclopes
  A tengu skeleton (Depths:2)
  5 merfolk sirens (Shoals:2)
  15 salamanders
  A fire giant skeleton (Hell)
  2 shock serpent zombies (Hell)
  15 manticores
  An ice statue (IceCv)
  37 black mambas
  8 vault sentinels
  3 centaur zombies
  5 guardian serpents
  Maurice (Orc:2)
  2 centaur skeletons (D:15)
  Joseph (D:8)
  A molten gargoyle (Orc:2)
  3 eyes of devastation
  25 naga magi
  18 rust devils
  An elf zombie (Depths:2)
  26 elephants
  3 gargoyles
  A torpor snail (Lair:5)
  A black mamba (shapeshifter) (Vaults:4)
  7 smoke demons (Hell)
  2 stone giant skeletons (Depths:1)
  2 water nymphs
  A catoblepas zombie (Hell)
  6 hellions
  6 rime drakes
  A shock serpent skeleton (Hell)
  15 cane toads
  3 orange demons (Hell)
  49 yaktaurs
  4 tormentors
  An efreet (D:14)
  18 komodo dragons
  A kobold demonologist (D:12)
  A hellwing (Depths:1)
  10 freezing wraiths
  A spark wasp simulacrum (Depths:1)
  4 ice devils
  A redback zombie (D:13)
  A merfolk (shapeshifter) (Vaults:3)
  13 red devils
  A human skeleton (Vaults:3)
  19 polar bears
  7 trolls
  2 tengu conjurers
  A queen bee (shapeshifter) (Vaults:3)
  A wind drake (shapeshifter) (Zig:2)
  A harpy zombie (Dis:1)
  A yaktaur skeleton (Vaults:3)
  3 hydra zombies (Hell)
  2 hydra skeletons (Hell)
  22 merfolk
  102 slime creatures
  7 wind drakes
  4 alligator zombies
  A stone giant simulacrum (Hell)
  A fire dragon zombie (Dis:1)
  A blink frog (shapeshifter) (Depths:1)
  An ice dragon zombie (Dis:2)
  A frost giant simulacrum (Depths:2)
  7 snapping turtles
  8 dream sheep
  An ettin zombie (Hell)
  4 blink frogs (Lair:6)
  2 hornets
  A harpy skeleton (D:15)
  4 shadows
  3 ettin skeletons
  An alligator skeleton (Hell)
  28 flying skulls
  A spriggan skeleton (Depths:1)
  A black mamba zombie (Hell)
  A fire dragon skeleton (Hell)
  11 wraiths
  64 yaks
  3 fire bats (Depths:2)
  A neqoxec (Depths:1)
  13 water elementals
  11 wyverns
  8 golden eyes
  5 basilisks
  A steam dragon (D:8)
  A spriggan simulacrum (Depths:1)
  6 vampire mosquitoes
  9 wargs
  2 acid dragons
  56 nagas
  A cane toad zombie (Hell)
  11 hell hounds
  A small abomination (Abyss:1)
  26 water moccasins
  A cane toad skeleton (Hell)
  A swamp drake (D:12)
  5 sky beasts
  Duvessa (D:4)
  48 orc warriors
  A snapping turtle zombie (Dis:1)
  4 ice beasts
  11 eyes of draining
  2 phantoms
  A necrophage (D:13)
  34 ogres
  23 centaurs
  7 boggarts
  37 wolves
  A big kobold (shapeshifter) (Depths:1)
  3 big kobolds
  25 bullfrogs
  5 earth elementals (Depths:2)
  Dowan (D:4)
  3 human simulacra
  2 scorpions
  24 killer bees
  2 tengu zombies
  22 electric eels
  22 wights
  7 howler monkeys
  4 crimson imps (Hell)
  2 bullfrog zombies
  4 jellies
  6 quasits
  2 hounds
  27 orc wizards
  22 orc priests
  3 bullfrog skeletons
  11 iron imps
  Jessica (D:2)
  6 hell rats
  An iguana (D:5)
  11 worker ants
  A naga zombie (Dis:2)
  A hound zombie (D:4)
  A mummy (Dis:1)
  A howler monkey zombie (D:9)
  11 gnolls
  A howler monkey skeleton (D:5)
  15 adders
  3 river rats (D:11)
  5 white imps
  4 ufetubi
  11 oozes
  An adder zombie (D:6)
  3 worms
  An adder simulacrum (D:9)
  A leopard gecko (D:5)
  97 orcs
  2 ball pythons
  11 bats
  6 giant cockroaches
  8 goblins
  7 hobgoblins (Bailey)
  5 jackals
  16 kobolds
  4 quokkas
  5 frilled lizards
  A kobold zombie (Dis:1)
  A leopard gecko zombie (D:5)
  6 rats
  7 pillars of salt
  2 tentacles (Shoals:4)
2130 creatures vanquished.

Vanquished Creatures (collateral kills)
  A naga warrior (Snake:4)
1 creature vanquished.

Vanquished Creatures (others)
  2 merfolk aquamancers
  A black mamba (Snake:2)
  A komodo dragon (Lair:6)
  A tengu conjurer (Depths:1)
  A golden eye (Slime:4)
  2 nagas (Snake:4)
  2 orc warriors (Vaults:4)
  A wight (Dis:2)
  A hound (D:14)
  29 fungi
  21 pillars of salt
  346 plants
  6 tentacles (Shoals:4)
  2 withered plants (D:11)
416 creatures vanquished.

Grand Total: 2547 creatures vanquished

Notes
Turn   | Place    | Note
-------+----------+-------------------------------------------
     0 | D:1      | slughead422 the Minotaur Fighter began the quest for the
                  | Orb.
     0 | D:1      | Reached XP level 1. HP: 19/19 MP: 0/0
   660 | D:1      | Reached XP level 2. HP: 27/27 MP: 1/1
  1149 | D:2      | Noticed Jessica
  1152 | D:2      | Killed Jessica
  1153 | D:2      | Reached skill level 4 in Armour
  1153 | D:2      | Reached skill level 1 in Dodging
  1153 | D:2      | Reached XP level 3. HP: 33/33 MP: 2/2
  1157 | D:2      | Found a radiant altar of Vehumet.
  1769 | D:3      | Reached XP level 4. HP: 40/40 MP: 3/3
  1834 | D:3      | Found a glowing drain.
  1850 | Sewer    | Entered a sewer
  1982 | Sewer    | Noticed a water moccasin
  1998 | Sewer    | Killed a water moccasin
  1999 | Sewer    | Reached XP level 5. HP: 25/47 MP: 4/4
  2422 | D:3      | Found a shimmering blue altar of Sif Muna.
  2557 | D:4      | Found a hide-covered altar of Uskayaw.
  2575 | D:4      | Found a snail-covered altar of Cheibriados.
  2575 | D:4      | Found a glowing silver altar of Zin.
  2591 | D:4      | Found a glowing golden altar of the Shining One.
  2599 | D:4      | Became a worshipper of Zin the Law-Giver
  2599 | D:4      | Reached * piety under Zin
  2606 | D:4      | Found a broken altar of Ashenzari.
  2673 | D:4      | Reached ** piety under Zin
  2682 | D:4      | Noticed an ogre
  2688 | D:4      | Killed an ogre
  2689 | D:4      | Reached skill level 5 in Axes
  2689 | D:4      | Reached XP level 6. HP: 43/55 MP: 5/5
  2831 | D:4      | Noticed Dowan
  2832 | D:4      | Noticed Duvessa
  2842 | D:4      | Killed Duvessa
  2843 | D:4      | Reached skill level 5 in Fighting
  2843 | D:4      | Reached skill level 5 in Armour
  2843 | D:4      | Reached skill level 5 in Shields
  2846 | D:4      | Reached skill level 1 in Invocations
  2846 | D:4      | Reached XP level 7. HP: 21/61 MP: 6/6
  2848 | D:4      | Killed Dowan
  3293 | D:4      | Found a sparkling altar of Nemelex Xobeh.
  3595 | D:5      | Entered Level 5 of the Dungeon
  3607 | D:5      | Found Sineoq's Antique Weapon Shoppe.
  3659 | D:5      | Bought a crystal war axe for 238 gold pieces
  3659 | D:5      | Identified the +7 war axe of Obestra {speed, Str+2} (You
                  | bought it in a shop on level 5 of the Dungeon)
  3810 | D:5      | Reached XP level 8. HP: 70/70 MP: 8/8
  3832 | D:5      | Reached skill level 6 in Armour
  4496 | D:6      | Found a shadowy altar of Dithmenos.
  4498 | D:6      | Found a hazy altar of Hepliaklqana.
  5010 | D:6      | Reached *** piety under Zin
  5301 | D:7      | Noticed Pikel
  5303 | D:7      | Found a staircase to the Ecumenical Temple.
  5317 | D:7      | Killed Pikel
  5318 | D:7      | Reached skill level 7 in Armour
  5318 | D:7      | Reached skill level 5 in Dodging
  5318 | D:7      | Reached XP level 9. HP: 76/79 MP: 9/11
  5344 | Temple   | Entered the Ecumenical Temple
  6198 | D:8      | Reached **** piety under Zin
  6227 | D:8      | Noticed a manticore
  6239 | D:8      | Noticed a two-headed ogre
  6245 | D:8      | Killed a manticore
  6553 | D:8      | Reached skill level 5 in Invocations
  6681 | D:8      | Reached skill level 8 in Armour
  6682 | D:8      | Reached XP level 10. HP: 79/88 MP: 12/12
  6772 | D:8      | Noticed Joseph
  6782 | D:8      | Killed Joseph
  6810 | D:8      | Identified a scroll of acquirement
  6810 | D:8      | Acquired a manual of Armour
  6942 | D:8      | Reached skill level 9 in Armour
  7319 | D:9      | Reached skill level 10 in Armour
  7351 | D:9      | Reached skill level 11 in Armour
  7597 | D:9      | Reached skill level 12 in Armour
  7884 | D:9      | Reached skill level 13 in Armour
  7995 | D:9      | Reached ***** piety under Zin
  8073 | D:9      | Reached skill level 14 in Armour
  8094 | D:9      | Reached skill level 15 in Armour
  8404 | D:9      | Found Doubiud's Armour Shop.
  8691 | D:10     | Entered Level 10 of the Dungeon
  8816 | D:10     | Reached XP level 11. HP: 93/94 MP: 13/13
  8829 | D:10     | Reached skill level 16 in Armour
  8834 | D:10     | Found a transporter.
  8837 | D:10     | Found a viscous altar of Jiyva.
  8839 | D:10     | Noticed a great orb of eyes
  9713 | D:10     | Reached skill level 17 in Armour
 10223 | D:10     | Found a stormy altar of Qazlal.
 10665 | D:11     | Noticed a two-headed ogre
 10669 | D:11     | Noticed Erolcha
 10675 | D:11     | Cast into level 1 of the Abyss (Erolcha)
 10688 | Abyss:1  | Found an opulent altar of Gozag.
 10819 | D:11     | Escaped the Abyss
 10823 | D:11     | Killed a two-headed ogre
 10829 | D:11     | Killed Erolcha
 10980 | D:11     | Found a runed translucent door.
 10980 | D:11     | Noticed Ravenswing17's ghost (journeyman DDHu)
 11012 | D:11     | Killed Ravenswing17's ghost
 11326 | D:11     | Found a staircase to the Lair.
 11328 | D:11     | Noticed a death yak
 11330 | D:11     | Noticed a death yak
 11331 | D:11     | Noticed a death yak
 11354 | D:11     | Killed a death yak
 11355 | D:11     | Reached XP level 12. HP: 65/104 MP: 15/15
 11361 | D:11     | Killed a death yak
 11368 | D:11     | Killed a death yak
 11972 | D:12     | Found a frozen archway.
 12289 | IceCv    | Entered an ice cave
 13121 | IceCv    | Reached skill level 10 in Axes
 13121 | IceCv    | Reached skill level 1 in Crossbows
 13184 | IceCv    | Reached skill level 10 in Shields
 13222 | IceCv    | Noticed a frost giant
 13229 | IceCv    | Reached skill level 10 in Fighting
 13235 | IceCv    | Reached skill level 18 in Armour
 13242 | IceCv    | Killed a frost giant
 13438 | IceCv    | Found the +5 scythe "Finisher" {speed, eviscerate}
 13453 | IceCv    | Reached ****** piety under Zin
 13698 | D:12     | Noticed a boulder beetle
 13726 | D:12     | Killed a boulder beetle
 13727 | D:12     | Reached XP level 13. HP: 72/113 MP: 17/17
 14465 | D:12     | Found a staircase to the Orcish Mines.
 14524 | Orc:1    | Entered Level 1 of the Orcish Mines
 14524 | Orc:1    | Found Timi's Gadget Boutique.
 14741 | Orc:2    | Entered Level 2 of the Orcish Mines
 14741 | Orc:2    | Noticed Maurice
 14749 | Orc:2    | Killed Maurice
 14798 | Orc:2    | Noticed Nessos
 14810 | Orc:2    | Killed Nessos
 15143 | Orc:2    | Found a staircase to the Elven Halls.
 15218 | Orc:2    | Found Citia's General Store.
 15566 | Orc:2    | Found a roughly hewn altar of Beogh.
 15632 | Orc:2    | Found a roughly hewn altar of Beogh.
 15646 | Orc:2    | Noticed an orc warlord
 15706 | Orc:2    | Killed an orc warlord
 16502 | Orc:2    | Found Puneimm's Distillery.
 16521 | Orc:2    | Found Wuun's Gadget Emporium.
 16531 | Orc:2    | Found Miluluoh's General Store.
 16547 | Orc:2    | Bought a +0 pair of gloves of strength for 172 gold pieces
 16862 | Orc:1    | Noticed an orc warlord
 16893 | Orc:1    | Killed an orc warlord
 17379 | Orc:2    | Reached skill level 5 in Crossbows
 17783 | D:13     | Found Tyti Iko's Armour Shop.
 17806 | D:12     | Reached XP level 14. HP: 120/124 MP: 19/19
 17861 | Lair:1   | Entered Level 1 of the Lair of Beasts
 18002 | Lair:1   | You fall into a shaft and drop 1 floor!
 19050 | Lair:2   | Reached skill level 10 in Dodging
 19525 | Lair:2   | Found a staircase to the Shoals.
 20573 | Lair:3   | Found a staircase to the Snake Pit.
 21397 | Lair:4   | Found a runed translucent gate.
 21397 | Lair:4   | Found a runed translucent gate.
 21398 | Lair:4   | Found a runed translucent gate.
 21398 | Lair:4   | Noticed axecop's ghost (journeyman DsAK)
 21440 | Lair:4   | Killed axecop's ghost
 21540 | Lair:4   | You fall into a shaft and drop 2 floors!
 21540 | Lair:6   | Entered Level 6 of the Lair of Beasts
 21799 | Lair:6   | Found a staircase to the Slime Pits.
 22148 | Lair:6   | Noticed Josephine
 22157 | Lair:6   | Killed Josephine
 22499 | Lair:5   | Reached XP level 15. HP: 53/132 MP: 21/21
 23400 | Lair:5   | Reached skill level 19 in Armour
 24866 | Lair:6   | Identified the cursed +1 ring mail "Rauno" {Str+4 Slay+5
                  | Stlth-} (You found it on level 6 of the Lair of Beasts)
 25164 | Lair:6   | Reached skill level 10 in Invocations
 25648 | Lair:4   | Reached skill level 1 in Evocations
 25671 | Snake:1  | Entered Level 1 of the Snake Pit
 26518 | Snake:1  | Identified the Catalogue of Toxins and Feathers
 26735 | Snake:1  | Reached XP level 16. HP: 141/141 MP: 22/22
 27855 | Snake:2  | Found a white marble altar of Elyvilon.
 28475 | Snake:2  | Found Boow's Book Shoppe.
 28475 | Snake:2  | Found Inuidodgh's Gadget Emporium.
 28489 | Snake:2  | Reached skill level 15 in Axes
 29175 | Snake:2  | Found Fyinlucs's Jewellery Boutique.
 29185 | Snake:2  | Bought an uncursed amulet of reflection for 480 gold pieces
 30211 | Snake:3  | Found Letro's Book Shop.
 30301 | Snake:3  | Noticed Jorgrun
 30333 | Snake:3  | Killed Jorgrun
 30340 | Snake:3  | Found Uschugir's Antique Armour Boutique.
 30346 | Snake:3  | Noticed Aizul
 30372 | Snake:3  | Killed Aizul
 30375 | Snake:3  | Noticed Vashnia
 30855 | Snake:3  | Found a runed translucent gate.
 30855 | Snake:3  | Found a runed translucent gate.
 30855 | Snake:3  | Found a runed translucent gate.
 31094 | Snake:3  | Killed Vashnia
 31273 | Snake:3  | Found Pakkewuh's Magic Scroll Emporium.
 31319 | Snake:3  | Found a runed translucent door.
 31320 | Snake:3  | Noticed Sagen's ghost (adept DrCj)
 31349 | Snake:3  | Killed Sagen's ghost
 31585 | Snake:3  | Reached XP level 17. HP: 118/150 MP: 24/24
 31706 | Snake:4  | Entered Level 4 of the Snake Pit
 34634 | Snake:4  | Reached skill level 5 in Evocations
 34665 | Snake:4  | Reached skill level 10 in Crossbows
 35446 | Snake:4  | Got a serpentine rune of Zot
 35794 | Shoals:1 | Entered Level 1 of the Shoals
 35807 | Lair:2   | Acquired the ring "Xooss" {rElec rF++ Will+}
 35964 | Shoals:1 | Reached skill level 20 in Armour
 35964 | Shoals:1 | Reached XP level 18. HP: 120/160 MP: 26/26
 36162 | Shoals:1 | Found a runed translucent gate.
 36162 | Shoals:1 | Found a runed translucent gate.
 36162 | Shoals:1 | Found a runed translucent gate.
 36175 | Shoals:1 | Noticed Heh's ghost (adept DsGl)
 36175 | Shoals:1 | Noticed Tang's ghost (adept TeAE)
 36175 | Shoals:1 | Noticed Dared's ghost (adept FoFi)
 36253 | Shoals:1 | Killed Dared's ghost
 36308 | Shoals:1 | Killed Tang's ghost
 36312 | Shoals:1 | Killed Heh's ghost
 38528 | Shoals:3 | Found Gechox's Jewellery Boutique.
 38795 | Shoals:3 | Found Avyupleo's Armour Emporium.
 38895 | Shoals:3 | Bought a +2 tower shield of positive energy for 259 gold
                  | pieces
 39009 | Shoals:3 | Found Xialoage's Armour Boutique.
 39020 | Shoals:3 | Bought the +9 plate armour "Fuurerix" {Str+3} for 1219 gold
                  | pieces
 39175 | Shoals:3 | Noticed Polyphemus
 39196 | Shoals:3 | Killed Polyphemus
 39405 | Shoals:4 | Entered Level 4 of the Shoals
 39411 | Shoals:4 | Found a runed translucent door.
 39418 | Shoals:4 | Noticed deafmute's ghost (adept HOFi)
 39561 | Shoals:4 | Killed deafmute's ghost
 40341 | Shoals:4 | Got a barnacled rune of Zot
 41896 | D:10     | Found a transporter.
 41911 | D:10     | Reached XP level 19. HP: 161/168 MP: 28/28
 42140 | D:13     | Found a gate to the Vaults.
 42860 | D:14     | Found a flagged portal.
 42875 | Bailey   | Entered a bailey
 43150 | Bailey   | Found an iron altar of Okawaru.
 43412 | Bailey   | Identified the +2 buckler "Sanejyo Pism" {Int+4} (You found
                  | it in a bailey)
 43489 | Bailey   | Acquired the ring "Zukkebbeun" {rElec rPois rN++ Int-5
                  | Slay+4}
 44442 | D:15     | Entered Level 15 of the Dungeon
 44732 | D:15     | Found a staircase to the Depths.
 45136 | D:15     | Reached skill level 15 in Fighting
 45853 | Slime:1  | Entered Level 1 of the Pits of Slime
 45866 | Slime:1  | Reached skill level 15 in Shields
 46555 | Shoals:3 | Bought the ring "Yqedd" {Ice rElec rPois Str+2} for 758
                  | gold pieces
 46738 | Depths:1 | Entered Level 1 of the Depths
 46836 | Depths:1 | Paralysed by a vampire knight for 7 turns
 47205 | Depths:1 | Found a gateway to a ziggurat.
 47250 | Zig:1    | Entered Level 1 of a ziggurat
 47274 | Zig:2    | Entered Level 2 of a ziggurat
 47310 | Zig:3    | Entered Level 3 of a ziggurat
 47316 | Zig:3    | Noticed an ancient lich
 47335 | Zig:3    | Noticed an ancient lich
 47382 | Zig:3    | Got a coiled copper ring
 47384 | Zig:3    | Identified the ring "Etuafyor" {*Contam rElec Will+ Str+4
                  | SInv} (You found it on level 3 of a ziggurat)
 47562 | Zig:4    | Entered Level 4 of a ziggurat
 48032 | Depths:1 | Reached XP level 20. HP: 160/178 MP: 29/29
 48191 | Depths:1 | Found a gateway to Hell.
 48325 | Depths:1 | Found a runed translucent door.
 48578 | Depths:1 | Found a one-way gate leading to the halls of Pandemonium.
 50025 | Depths:2 | Reached skill level 15 in Invocations
 50372 | Depths:2 | Found the macabre finger necklace {rN+}
 50430 | Depths:2 | Noticed a golden dragon
 50450 | Depths:2 | Killed a golden dragon
 50969 | Depths:2 | Reached skill level 21 in Armour
 51510 | Hell     | Entered the Vestibule of Hell
 51510 | Hell     | Noticed Geryon
 52083 | Vaults:1 | Entered Level 1 of the Vaults
 52152 | Vaults:1 | Reached XP level 21. HP: 180/187 MP: 31/31
 52225 | Vaults:1 | Identified the ring of Division {*Slow rPois rC+ MP+9
                  | Dex+4}
 53815 | Vaults:2 | Found a gateway to a bazaar.
 53815 | Vaults:2 | Noticed Asterion
 53828 | Vaults:2 | Killed Asterion
 55778 | Vaults:3 | Found a staircase to the Crypt.
 55778 | Vaults:3 | Found a basalt altar of Yredelemnul.
 55779 | Vaults:3 | Found an ancient bone altar of Kikubaaqudgha.
 56019 | Vaults:3 | Found Vithitac's General Store.
 56447 | Vaults:3 | Reached XP level 22. HP: 195/196 MP: 33/33
 56562 | Vaults:3 | Reached skill level 15 in Dodging
 57194 | Vaults:3 | Acquired 932 gold pieces
 57377 | Bazaar   | Entered a bazaar
 57381 | Bazaar   | Found Feukitol's Magic Scroll Shoppe.
 57395 | Bazaar   | Found Pomnud's Gadget Shoppe.
 57406 | Bazaar   | Found Figeo's General Store.
 57414 | Bazaar   | Bought a scroll of teleportation for 45 gold pieces
 57417 | Bazaar   | Found Udeots's Antique Armour Emporium.
 57429 | Bazaar   | Found Yxalliq's Antique Weapon Emporium.
 57438 | Bazaar   | Bought a fading war axe for 297 gold pieces
 57438 | Bazaar   | Identified the cursed +1 war axe of Honour {speed, *Slow
                  | Int+3 Dex+4 Stlth+} (You bought it in a shop in a bazaar)
 57496 | Bazaar   | Bought a scroll of enchant armour for 82 gold pieces
 57496 | Bazaar   | Bought a scroll of teleportation for 33 gold pieces
 57496 | Bazaar   | Bought 2 scrolls of silence for 165 gold pieces
 57496 | Bazaar   | Bought a scroll of enchant armour for 82 gold pieces
 57993 | Vaults:4 | Found Lefol's Assorted Antiques.
 59594 | Vaults:5 | Entered Level 5 of the Vaults
 60761 | Hell     | Killed Geryon
 60814 | Hell     | Reached skill level 10 in Evocations
 60878 | Hell     | Found a gateway to the freezing wastes of Cocytus.
 60972 | Hell     | Found a gateway to the decaying netherworld of Tartarus.
 61166 | Hell     | Reached XP level 23. HP: 87/204 MP: 34/34
 61578 | Hell     | Found a gateway to the Iron City of Dis.
 61720 | Hell     | Found a gateway to the ashen valley of Gehenna.
 61797 | Dis:1    | Entered Level 1 of the Iron City of Dis
 64554 | Slime:1  | Paralysed by a great orb of eyes for 7 turns
 65578 | Slime:2  | Reached skill level 22 in Armour
 66312 | Slime:3  | You are sucked into a shaft and drop 1 floor!
 67165 | Slime:5  | Entered Level 5 of the Pits of Slime
 67242 | Slime:4  | Paralysed by a floating eye for 2 turns
 67246 | Slime:4  | Zin protects you from harm!
 67247 | Slime:4  | HP: 2/206 [acid blob (14)]
 67247 | Slime:4  | Zin protects you from harm!
 67247 | Slime:4  | Killed from afar by an acid blob

Illustrated notes

Levels and vault maps discovered:
D:1:      evilmike_arrival_home_sweet_home, layout_basic
D:2:      layout_loops_ring, lemuel_crystal_altar, uniq_jessica
D:3:      layout_rooms, led_sif_book, cheibrodos_sewer_entry_bend
D:4:      layout_cave_pools, minmay_overflow_temple_star_hex,
          nemelex_xobeh_ov_fountains_minmay, kennysheep_decorative_pillar,
          uniq_duvessa
D:5:      minmay_chambers_of_threes, layout_rooms, serial_shops, shop,
          minmay_strange_pillars
D:6:      layout_basic, riverfiend_overflow_shadow_ancestor,
          minmay_tree_intersection
D:7:      layout_basic, temple_statues, uniq_pikel
D:8:      layout_loops_ring, minivault_4, grunt_decor_clamped,
          dk_noncrumbling_4, uniq_joseph
D:9:      layout_basic, serial_shops, shop, serial_ice, serial_ice_l,
          serial_ice_a, serial_ice_n, serial_ice_f, serial_ice_b,
          kennysheep_small_square
D:10:     gammafunk_jiyva_shrine, layout_basic, lemuel_centaur_altar
D:11:     layout_basic, dpeg_lair_monsters, gammafunk_ghost_grave, uniq_erolcha
D:12:     layout_loops_ring, erik_orc_1, portal_ice_cave_demonic_guard
D:13:     cheibrodos_lost_city_excavation, layout_rooms,
          skrybe_vaults_entry_preservation, serial_shops,
          nicolae_shop_waterfront
D:14:     layout_grid_maze, enter_bailey_2
D:15:     hangedman_depths_entry_civil_slaughter, layout_layer_cave,
          serial_park_tiny_2, minmay_misc_feat_ornament, grunt_decor_cap
Temple:   minmay_temple_bridge_abc
Lair:1:   layout_misc_corridors, grunt_forest_large_clearings
Lair:2:   layout_gridlike, minmay_shoals_entry_beasts, minmay_stone_trees_small,
          infiniplex_staircase_pool, serial_bayou_shore_b, serial_bayou_shore_a
Lair:3:   layout_roguey, minmay_snake_entry_guardpost_small,
          nicolae_quartered_pool_super
Lair:4:   layout_big_grid, ebering_ghost_rock_garden,
          chequers_serial_rivers_small_b, cheibrodos_lair_reptile_den
Lair:5:   layout_cave_shapes, disabler_island, infiniplex_staircase_pool_2
Lair:6:   gammafunk_lair_ancient_temple, layout_gridlike,
          nicolae_slime_entry_slimehenge, uniq_josephine
Shoals:1: layout_shoals, gammafunk_ghost_cemetery
Shoals:2: layout_shoals, nicolae_shoals_stone_sculpture_thing, yaktaur_hedge
Shoals:3: layout_shoals, serial_shops, shop_fountains,
          nicolae_shop_temple_entry_statues_fountains, shop,
          nicolae_shoals_hunting_party, uniq_polyphemus
Shoals:4: shoals_end_grunt_garden, layout_shoals, ebering_ghost_reflecting_pool
Snake:1:  cheibrodos_snake_lava_hold, layout_chambers, grunt_ministairs_11
Snake:2:  layout_gridlike, minmay_shop_enchanted_jewellery, lemuel_oklob_altar,
          grunt_megastairs_2, lemuel_fruit_tree, minmay_shoptagon
Snake:3:  layout_onion, ebering_ghost_reflecting_pool, serial_shops,
          shop_statue, shop, shop, nicolae_snake_horde_hoard,
          grunt_megastairs_3, uniq_jorgrun, uniq_vashnia, uniq_aizul
Snake:4:  johnstein_snake_rune_scales, layout_onion, serial_bayou,
          serial_bayou_crossing, serial_bayou_shore_b, serial_bayou_pond_e,
          serial_bayou_lagoon_a, serial_bayou_lake_a,
          nrook_guardian_serpent_double
Slime:1:  layout_caves, cheibrodos_slime_lost_civilization_7
Slime:2:  layout_caves
Slime:3:  layout_caves, nicolae_slime_welcoming_committee
Slime:4:  layout_caves
Slime:5
Orc:1:    layout_diamond_mine, serial_shops, shop
Orc:2:    st_orc_elflike, layout_diamond_mine, basic_altar,
          nicolae_orc_lava_tube, mines1_david, uniq_nessos, uniq_maurice
Vaults:1: hangedman_vaults_stream, nicolae_vaults_three_branches,
          ontoclasm_vaults_loading_screen, hangedman_vaults_pinch, v_misc_15,
          v_misc_33, v_rooms_3, v_misc_30, vaults_room_pools,
          layout_vaults_omnicross
Vaults:2: v_misc_5, nicolae_vaults_statue_guard,
          nicolae_vaults_little_squares_6, v_pattern_4,
          hangedman_vaults_restitches, v_misc_19,
          nicolae_vaults_mini_display_case, layout_vaults_omnigrid,
          serial_shops, bzr_in_the_mist, uniq_asterion
Vaults:3: nicolae_vaults_network_quincunx
          [nicolae_vaults_network_quincunx_subvault,
          nicolae_vaults_network_quincunx_subvault,
          nicolae_vaults_network_quincunx_subvault,
          nicolae_vaults_network_quincunx_subvault,
          nicolae_vaults_network_quincunx_subvault], v_misc_15,
          nicolae_vaults_bisected_inception, minmay_crypt_entry_necro_gods,
          vaults_room_semicircle, v_misc_11, vaults_room_grid, v_misc_26,
          nicolae_vaults_windows_and_doors_thing, grunt_vaults_swirl,
          hangedman_vaults_variations, st_cells, layout_vaults_omnibox,
          serial_shops, shop
Vaults:4: hangedman_vaults_trim, nicolae_vaults_lopsided_apartments,
          hangedman_vaults_locks, nicolae_vaults_angled_halls, v_misc_13,
          vaults_room_fancy_cross, nicolae_vaults_little_ls, vaults_room_pools,
          nicolae_vaults_big_ls, nicolae_vaults_little_squares_5, v_misc_25,
          layout_vaults_ring, serial_shops, shop
Vaults:5: serial_shops
Depths:1: minmay_two_paths, layout_long_grid, enter_ziggurat_b,
          grunt_mini_vestibule, rand_demon_pan_entry_4, hangedman_decor_lopped,
          minivault_1, minmay_hidden_floor
Depths:2: hangedman_arch_fort, layout_cave_pools, hell_entry,
          minmay_misc_feat_nine_boxes, st_stairs_6, nicolae_twisting_strands,
          hangedman_cracks_in_the_wall
Hell
Dis:1:    layout_regular_city
Dis:2:    layout_chaotic_city

Skill      XL: |  1  2  3  4  5  6  7  8  9 10 11 12 13 14 15 16 17 18 19 20 21 22 23 |
---------------+----------------------------------------------------------------------+-----
Axes           | 3 4 5 6 7 8 9 10 11 13 14 15 16 17 18 19 20 21 | 21.7
Fighting       | 4 5 7 8 9 10 11 12 13 14 15 16 17 | 17.4
Armour         | 4 5 7 8 15 17 18 19 20 21 22 | 22.1
Dodging        | 1 2 3 5 6 7 8 9 10 11 12 13 14 15 16 | 16.0
Shields        | 4 5 7 8 9 10 11 12 13 14 15 16 17 | 17.4
Invocations    | 1 2 4 5 6 7 8 9 10 11 12 13 14 15 16 17 | 17.7
Crossbows      | 2 5 6 8 9 10 11 12 13 14 | 14.2
Evocations     | 1 3 5 6 7 8 9 10 | 10.6

Action                   |  1- 3 |  4- 6 |  7- 9 | 10-12 | 13-15 | 16-18 | 19-21 | 22-24 || total
-------------------------+-------+-------+-------+-------+-------+-------+-------+-------++-------
Melee: War axe           |    71 |    57 |   191 |   754 |  1475 |  1776 |  1890 |  1317 ||  7531
       Headbutt          |     5 |     7 |    37 |   149 |   437 |   470 |   713 |   527 ||  2345
       Broad axe         |       |       |    26 |       |       |       |       |       ||    26
       Flail             |       |       |       |       |    54 |       |     9 |       ||    63
 Fire: Hand crossbow     |       |       |       |    10 |    26 |     3 |       |       ||    39
Invok: Recite            |       |     1 |     5 |    14 |    20 |    57 |    65 |    33 ||   195
       Sanctuary         |       |       |       |       |     1 |     1 |     2 |     2 ||     6
Evoke: Wand              |       |     8 |       |    24 |    20 |     5 |       |     4 ||    61
  Use: Potion            |     5 |     3 |     5 |     8 |     3 |     6 |     2 |     1 ||    33
       Scroll            |     4 |     1 |     6 |    12 |    10 |    12 |    20 |     6 ||    71
 Stab: Invisible         |       |       |       |     2 |     1 |       |     2 |     6 ||    11
       Paralysed         |       |       |       |     5 |    17 |     2 |    21 |       ||    45
       Confused          |       |       |       |     2 |     6 |    87 |    54 |    29 ||   178
       Petrified         |       |       |       |       |       |     7 |     5 |       ||    12
       Petrifying        |       |       |       |       |       |     1 |     2 |       ||     3
Armor: Scale mail        |    21 |       |       |       |       |       |       |       ||    21
       Chain mail        |    18 |    48 |    78 |       |       |       |       |       ||   144
       Plate armour      |       |       |       |   279 |   445 |   317 |   340 |   373 ||  1754
Dodge: Dodged            |    20 |    30 |    53 |   225 |   489 |   281 |   346 |   330 ||  1774
Block: Kite shield       |    41 |    38 |   103 |   374 |   664 |       |       |       ||  1220
       Tower shield      |       |       |       |       |    43 |  1485 |  1306 |   893 ||  3727
       Reflection        |       |       |       |       |       |   222 |    88 |    13 ||   323
       Other             |       |       |       |       |       |       |    21 |    38 ||    59
